 Dungeon Crawl Stone Soup version 0.29-a0-1027-gcd8c55af63 (webtiles) character file.

Game seed: 4847783144304778851

103 croobank the Stinger (level 4, 0/31 HPs)
             Began as a Demonspawn Venom Mage on Aug 13, 2022.
             Slain by Grinder (7 damage)
             ... on level 3 of the Dungeon.
             The game lasted 00:07:09 (2228 turns).

croobank the Stinger (Demonspawn Venom Mage)        Turns: 2228, Time: 00:07:09

Health: 0/31       AC:  9    Str:  8 (9)  XL:     4   Next: 51%
Magic:  7/7        EV: 10    Int: 16 (18) God:
Gold:   142        SH:  0    Dex: 11 (13) Spells: 1/7 levels left

rFire   + . .      SeeInvis .   d - +1 falchion
rCold   . . .      Faith    .   (no shield)
rNeg    + . .      Spirit   .   c - +0 ring mail
rPois   .          Reflect  .   o - +0 helmet
rElec   .          Harm     .   q - +0 cloak
rCorr   .          Rampage  .   (no gloves)
Will    .....      Rnd*Tele +   (no boots)
Stlth   +.........              (no amulet)
HPRegen 0.10/turn               j - ring of positive energy
MPRegen 0.10/turn               (no ring)

@: no status effects
A: hooves 1, icy blue scales 1, spiny 1, fire resistance 1, teleportitis 1,
MP-powered wands
a: no special abilities


You were on level 3 of the Dungeon.
You visited 1 branch of the dungeon, and saw 3 of its levels.

You collected 142 gold pieces.

Inventory:

Hand Weapons
 d - a +1 falchion (weapon)
 i - a +0 short sword
 m - a +0 dagger
 n - a +1 dagger of speed
 r - a +0 quarterstaff
 t - a +0 trident
Missiles
 k - 3 poisoned darts
Armour
 a - a +0 robe
 c - a +0 ring mail (worn)
 o - a +0 helmet (worn)
 q - a +0 cloak (worn)
Magical Staves
 v - a staff of conjuration
Jewellery
 j - a ring of positive energy (left hand)
Scrolls
 e - 2 scrolls of identify {unknown}
 h - a scroll of fear {unknown}
 u - a scroll of acquirement {unknown}
Potions
 b - a potion of magic
 g - a potion of mutation
 l - a potion of curing
 p - a potion of lignification {unknown}
 s - a potion of cancellation {unknown}


   Skills:
 + Level 0.5 Fighting
 + Level 2.5 Dodging
 + Level 2.5 Stealth
 + Level 2.4 Spellcasting
 + Level 1.9 Transmutations
 + Level 3.5 Poison Magic


You had one spell level left.
You knew the following spells:

 Your Spells              Type           Power      Damage    Failure   Level
a - Sting                 Tmut/Pois      40%        1d5       21%         1
b - Poisonous Vapours     Pois/Air       14%        N/A       41%         2
c - Mephitic Cloud        Conj/Pois/Air  5%         N/A       75%         3

Your spell library contained the following spells:

 Spells                   Type           Power      Damage    Failure   Level
 Spider Form              Tmut/Pois      10%        N/A       52%         3
 Ensorcelled Hibernation  Hex/Ice        2%         N/A       67%         2
 Static Discharge         Conj/Air       1%         3-4/arc   67%         2
 Olgreb's Toxic Radiance  Pois           13%        N/A       82%         4
 Gell's Gravitas          Tloc           1%         N/A       88%         3
 Portal Projectile        Hex/Tloc       2%         N/A       88%         3
 Anguish                  Hex/Necr       0%         N/A       99%         4
 Lightning Bolt           Conj/Air       0%         1d11      100%        5
 Silence                  Hex/Air        0%         N/A       100%        5
 Summon Mana Viper        Hex/Summ       1%         N/A       100%        5
 Maxwell's Capacitive Co  Air            0%         ∞         100%        8


Dungeon Overview and Level Annotations

Branches:
Dungeon (3/15)

Altars:

Annotations:
D:3 Grinder


Innate Abilities, Weirdness & Mutations

You have large cloven feet.
You are partially covered in icy blue scales. (AC +2)
You are partially covered in sharp spines.
Your flesh is heat resistant. (rF+)
You are occasionally teleported next to monsters.
You expend magic power (3 MP) to strengthen your wands.


Message History

Grinder hits you!
You writhe in agony.
You closely miss Grinder. Your kick misses Grinder.
The ball python closely misses you. Grinder gestures at you.
You suddenly lose the ability to move!
The ball python is struck by your spines.
You kill the ball python!
The bat is struck by your spines.
You kill the bat!
Grinder is struck by your spines. Grinder hits you.
You writhe in agony.
Grinder says, "What is the universe for?"
Grinder is struck by your spines. Grinder hits you but does no damage.
Grinder hits you.
You can move again.
It was a potion of degeneration.
There was something very wrong with that liquid.
You feel weakened.
You feel dopey.
You feel clumsy. Grinder hits you.
You writhe in agony.
It was a potion of mutation.
You feel extremely strange.
You feel your magical essence link to the dungeon's wands.
You feel weirdly uncertain.
You feel resistant to heat. Grinder hits you but does no damage.
It was a potion of curing.
You feel better. Grinder hits you.
You writhe in agony.
You closely miss Grinder.
Grinder is lightly wounded.
Grinder is struck by your spines. Grinder hits you.
You writhe in agony.
Grinder is struck by your spines. Grinder hits you.
You hit Grinder. You kick Grinder, but do no damage.
Grinder is heavily wounded.
Grinder hits you but does no damage.
You barely miss Grinder.
Grinder is moderately wounded.
Grinder hits you but does no damage.
You hit Grinder. You kick Grinder, but do no damage.
Grinder is heavily wounded.
Grinder is struck by your spines. Grinder hits you!
* * * LOW HITPOINT WARNING * * *
Grinder hits you!
You die...

######## #########
.......# #........
.......#########........
.........[..<...........
.......#########@.......
.......# #†5......
.......# #........
#..##### >....##.. #.##
###### . ..# ### #


You could see Grinder.

Vanquished Creatures
  Robin (D:2)
  An adder (D:2)
  3 dart slugs
  8 ball pythons
  6 endoplasms
  4 giant cockroaches
  14 goblins
  5 hobgoblins
  5 jackals
  5 kobolds
  4 quokkas
  3 bats
  3 frilled lizards
  4 rats (D:1)
66 creatures vanquished.

Notes
Turn   | Place    | Note
-------+----------+-------------------------------------------
     0 | D:1      | croobank the Demonspawn Venom Mage began the quest for the
                  | Orb.
     0 | D:1      | Reached XP level 1. HP: 13/13 MP: 3/3
   177 | D:1      | Reached skill level 1 in Transmutations
   465 | D:1      | Found a faded altar of an unknown god.
   479 | D:1      | Gained mutation: You are partially covered in icy blue
                  | scales. (AC +2) [demonic ancestry]
   479 | D:1      | Reached XP level 2. HP: 10/19 MP: 3/5
   779 | D:1      | Learned a level 2 spell: Poisonous Vapours
  1024 | D:1      | Gained mutation: You are partially covered in sharp spines.
                  | [demonic ancestry]
  1024 | D:1      | Reached XP level 3. HP: 24/24 MP: 6/6
  1424 | D:2      | Got the Writings on Translocated Interference
  1453 | D:2      | Noticed Robin
  1474 | D:2      | Killed Robin
  1478 | D:2      | Gained mutation: You have large cloven feet. [demonic
                  | ancestry]
  1478 | D:2      | Reached XP level 4. HP: 12/30 MP: 5/7
  2170 | D:3      | Learned a level 3 spell: Mephitic Cloud
  2213 | D:3      | Noticed Grinder
  2218 | D:3      | Paralysed by Grinder for 4 turns
  2223 | D:3      | Gained mutation: You expend magic power (3 MP) to
                  | strengthen your wands. [potion of mutation]
  2223 | D:3      | Gained mutation: You are occasionally teleported next to
                  | monsters. [potion of mutation]
  2223 | D:3      | Gained mutation: Your flesh is heat resistant. (rF+)
                  | [potion of mutation]
  2228 | D:3      | Slain by Grinder

Illustrated notes

Levels and vault maps discovered:
D:1:      lightli_arrival_quake, layout_basic, nicolae_ecumenical_snake_handling
D:2:      layout_basic, minivault_26, uniq_robin
D:3:      layout_rooms, tso_altar, cheibrodos_sewer_entry_bend,
          minmay_misc_feat_square, uniq_grinder

Skill      XL: |  1  2 |
---------------+-------+-----
Transmutations | 1 |  1.9
Stealth        | 2 |  2.5
Dodging        | 2 |  2.5
Fighting       | |  0.5
Spellcasting   | |  2.4
Poison Magic   | |  3.5

Action                   |  1- 3 |  4- 6 || total
-------------------------+-------+-------++-------
Melee: Falchion          |    93 |    27 ||   120
       Unarmed           |     2 |       ||     2
       Kick              |       |     6 ||     6
 Cast: Sting             |    18 |       ||    18
  Use: Scroll            |     1 |       ||     1
       Potion            |       |     3 ||     3
 Stab: Sleeping          |       |     1 ||     1
Armor: Ring mail         |    59 |    15 ||    74
Dodge: Dodged            |    70 |    10 ||    80

Table legend: (Time is in decaauts)
 A = Elapsed time spent in this place.
 B = Non-inter-level travel time spent in this place.
 C = Inter-level travel time spent in this place.
 D = Time resting spent in this place.
 E = Time spent auto-exploring this place.
 F = Levels seen in this place.
 G = Mean time per level.
                   A        B        C        D        E       F      G
               +--------+--------+--------+--------+--------+-----+--------+
         Total |   2262 |   2244 |     18 |     76 |   1623 |   3 |  754.0 |
       Dungeon |   2262 |   2244 |     18 |     76 |   1623 |   3 |  754.0 |
               +--------+--------+--------+--------+--------+-----+--------+

Top non-repeatable levels by time:
     D:1: 1318 daAuts
     D:2: 869 daAuts
     D:3: 74 daAuts
